 Dungeon Crawl Stone Soup version 0.26.1-11-gd32895ea62 (webtiles) character file.

Game seed: 6901569488429603947

1148 RepoMan the Jinx (level 8, -11/45 HPs)
             Began as a Deep Elf Enchanter on July 26, 2021.
             Was a Follower of Dithmenos.
             Mangled by a red ugly thing (13 damage)
             ... on level 6 of the Dungeon.
             The game lasted 01:10:40 (4578 turns).

RepoMan the Jinx (Deep Elf Enchanter)               Turns: 4578, Time: 01:10:41

Health: -11/45     AC:  8    Str:  5    XL:     8   Next: 15%
Magic:  10/16      EV: 14    Int: 29    God:    Dithmenos [*.....]
Gold:   48         SH:  0    Dex: 15    Spells: 1/15 levels left

rFire    . . .     SeeInvis .   a - +1 dagger
rCold    . . .     Faith    .   (no shield)
rNeg     . . .     Spirit   .   b - +0 robe
rPois    .         Reflect  .   D - +2 hat
rElec    .         Harm     .   (no cloak)
rCorr    .         Rampage  .   (no gloves)
Will     .....                  (no boots)
Stlth    ++++......             (no amulet)
HPRegen  0.15/turn              o - +6 ring of intelligence
MPRegen  0.15/turn              y - +4 ring of protection

@: wreathed by umbra
A: no striking features
a: Renounce Religion


You were on level 6 of the Dungeon.
You worshipped Dithmenos.
Dithmenos was aware of your devotion.
You visited 1 branch of the dungeon, and saw 6 of its levels.
You also visited: Sewer.

You collected 316 gold pieces.
You spent 268 gold pieces at shops.

Inventory:

Hand Weapons
 a - a +1 dagger (weapon)
 v - a +0 falchion
 z - a +0 rapier
Armour
 b - a +0 robe (worn)
 f - a +0 leather armour
 D - a +2 hat (worn)
Magical Staves
 w - an uncursed staff of air {unknown}
Jewellery
 c - an uncursed ring of resist corrosion
 o - a +6 ring of intelligence (left hand)
 t - an uncursed ring of wizardry
 y - a +4 ring of protection (right hand)
Wands
 E - a wand of random effects (20)
 G - a wand of flame (23)
Scrolls
 d - a scroll of teleportation
 g - a scroll of enchant weapon {unknown}
 h - a scroll of noise {unknown}
 i - 3 scrolls of identify
 j - 5 scrolls of enchant armour {unknown}
 k - 2 scrolls of random uselessness {unknown}
 l - a scroll of magic mapping
 n - 2 scrolls of fog {unknown}
 s - a scroll of amnesia
 A - a scroll of immolation
 B - 5 scrolls of remove curse
Potions
 e - 3 potions of flight
 m - 5 potions of heal wounds {unknown}
 p - 2 potions of might
 q - a potion of mutation {unknown}
 r - 2 potions of berserk rage {unknown}
 u - a potion of attraction {unknown}
 x - a potion of brilliance
 C - 3 potions of cancellation {unknown}
 F - 3 potions of magic {unknown}


   Skills:
 + Level 2.7 Fighting
 * Level 4.5 Short Blades
 + Level 3.8 Dodging
 + Level 6.1 Stealth
 - Level 4.4 Spellcasting
 * Level 8.1 Hexes
 - Level 1.4 Ice Magic


You had one spell level left.
You knew the following spells:

 Your Spells              Type           Power        Failure   Level
a - Corona                Hex            57%          1%          1
b - Blink                 Tloc           N/A          10%         2
c - Confusing Touch       Hex            52%          1%          3
d - Dazzling Flash        Conj/Hex       60%          3%          3
t - Tukima's Dance        Hex            52%          1%          3
z - Ensorcelled Hibernat  Hex/Ice        68%          1%          2

Your spell library contained the following spells:

 Spells                   Type           Power        Failure   Level
 Magic Dart               Conj           24%          7%          1
 Slow                     Hex            52%          1%          2
 Call Imp                 Summ           6%           10%         2
 Conjure Flame            Conj/Fire      6%           21%         3
 Mephitic Cloud           Conj/Pois/Air  6%           21%         3


Dungeon Overview and Level Annotations

Branches:
Dungeon (6/15)              Sewer (visited)
 Temple: D:4-7

Altars:
Ashenzari
Dithmenos
Okawaru
Ru
Uskayaw

Shops:
D:4 ?


Message History

Unknown command.
Casting: Corona (safe; 1% risk of failure)
Confirm with . or Enter, or press ? or * to list all spells.
Aiming: Corona (safe; 1% risk of failure)
Press: ? - help, Shift-Dir - straight line, f/p - red ugly thing
Aim: a red ugly thing (severely wounded, umbra, chance to affect: 68%)
The red ugly thing is outlined in light.
The red ugly thing barely misses you.
Unknown command.
Casting: Corona (safe; 1% risk of failure)
Confirm with . or Enter, or press ? or * to list all spells.
Your hands begin to glow red.
The red ugly thing gores you!
You are engulfed in flames!
* * * LOW HITPOINT WARNING * * *
Unknown command.
You hit the red ugly thing but do no damage.
The red ugly thing appears confused.
The red ugly thing is severely wounded.
The red ugly thing gores you!
You die...

#..####....#.....##
#.......#...####.##
#.#####...### .##
#.# ##.## .## #.#
#.# ##
#.######.######
#...............
#........#######
#.@##.#### #.u##.#
#..##.# #..##.#
#..##.. #..##.#
#..#.#. #...# #
#..#


You could see a red ugly thing (confused, corona).

Vanquished Creatures
  Menkaure (D:4)
  A centaur (D:6)
  2 ogres
  2 bullfrogs
  A scorpion (D:4)
  2 orc priests
  2 centaur skeletons (D:4)
  An orc wizard (D:5)
  Ijyb (D:3)
  An iguana (D:4)
  2 worker ants
  13 adders
  A river rat (D:5)
  A white imp (D:5)
  An ooze (D:2)
  An adder zombie (D:5)
  2 worms
  3 dart slugs
  3 leopard geckos
  6 orcs
  4 bats
  7 giant cockroaches
  14 goblins
  10 hobgoblins
  15 jackals
  2 quokkas
  7 ball pythons
  4 frilled lizards
  9 kobolds
  A leopard gecko skeleton (D:5)
  6 rats
126 creatures vanquished.

Vanquished Creatures (collateral kills)
  Edmund (D:5)
  An orc warrior (D:6)
  An orc (D:6)
3 creatures vanquished.

Vanquished Creatures (others)
  18 plants (Sewer)
18 creatures vanquished.

Grand Total: 147 creatures vanquished

Notes
Turn   | Place    | Note
-------+----------+-------------------------------------------
     0 | D:1      | RepoMan the Deep Elf Enchanter began the quest for the Orb.
     0 | D:1      | Reached XP level 1. HP: 10/10 MP: 6/6
   465 | D:1      | Reached XP level 2. HP: 11/15 MP: 6/8
   468 | D:1      | Learned a level 2 spell: Ensorcelled Hibernation
   898 | D:2      | Reached XP level 3. HP: 17/19 MP: 1/9
   933 | D:2      | Learned a level 3 spell: Confusing Touch
  1076 | D:2      | Reached skill level 5 in Hexes
  1080 | D:2      | Learned a level 3 spell: Tukima's Dance
  1331 | D:2      | Reached XP level 4. HP: 21/24 MP: 8/11
  1393 | D:2      | Noticed a bullfrog
  1399 | D:2      | Killed a bullfrog
  1400 | D:2      | Reached skill level 1 in Fighting
  1400 | D:2      | Reached XP level 5. HP: 27/29 MP: 12/12
  1405 | D:2      | Found a broken altar of Ashenzari.
  1451 | D:3      | Noticed Ijyb
  1458 | D:3      | HP: 1/29 [disintegration (28)]
  1460 | D:3      | Killed Ijyb
  1482 | D:3      | Learned a level 3 spell: Dazzling Flash
  1634 | D:3      | Noticed an ogre
  1928 | D:3      | Killed an ogre
  1929 | D:3      | Reached skill level 6 in Hexes
  1929 | D:3      | Reached skill level 1 in Ice Magic
  1934 | D:3      | Reached XP level 6. HP: 11/34 MP: 3/14
  2106 | D:4      | Reached skill level 5 in Stealth
  2220 | D:4      | Found a shadowy altar of Dithmenos.
  2256 | D:4      | Became a worshipper of Dithmenos the Shadowed
  2374 | D:4      | Noticed Menkaure
  2377 | D:4      | Killed Menkaure
  2403 | D:4      | Found an iron altar of Okawaru.
  2515 | D:4      | Reached XP level 7. HP: 17/39 MP: 8/15
  2515 | D:4      | Found Vubozil's Magic Scroll Boutique.
  2611 | D:4      | Bought a scroll of immolation for 38 gold pieces
  2611 | D:4      | Bought 2 scrolls of remove curse for 66 gold pieces
  2611 | D:4      | Bought a scroll of identify for 22 gold pieces
  2611 | D:4      | Bought a scroll of magic mapping for 38 gold pieces
  2611 | D:4      | Bought a scroll of identify for 22 gold pieces
  2720 | D:4      | Reached skill level 7 in Hexes
  2843 | D:5      | Entered Level 5 of the Dungeon
  2991 | D:5      | Learned a level 2 spell: Blink
  3014 | D:5      | Noticed Edmund
  3035 | D:5      | Killed Edmund
  3080 | D:5      | Found a glowing drain.
  3091 | Sewer    | Entered a sewer
  3270 | Sewer    | Reached * piety under Dithmenos
  4013 | D:5      | Found a sacrificial altar of Ru.
  4211 | D:4      | Bought a scroll of identify for 22 gold pieces
  4211 | D:4      | Bought a scroll of identify for 22 gold pieces
  4211 | D:4      | Bought a scroll of amnesia for 38 gold pieces
  4235 | D:5      | Reached XP level 8. HP: 45/45 MP: 10/16
  4385 | D:6      | Reached skill level 8 in Hexes
  4447 | D:6      | Found a hide-covered altar of Uskayaw.
  4553 | D:6      | Noticed a red ugly thing
  4577 | D:6      | HP: 2/45 [red ugly thing (16)]
  4578 | D:6      | Mangled by a red ugly thing

Illustrated notes

Levels and vault maps discovered:
D:1:      co_arrival_random_square_maze, layout_basic, serial_bayou_pond_b
D:2:      layout_basic, ashenzari_altar_1
D:3:      layout_rooms, minmay_ogre_servants, uniq_ijyb
D:4:      minmay_chambers_of_twos, layout_basic,
          grunt_dithmenos_smoke_and_mirrors, lemuel_crystal_altar, serial_shops,
          nicolae_shop_waterfront, minmay_misc_feat_plants,
          hangedman_abyss_or_decor_lesser_grid, uniq_menkaure
D:5:      layout_basic, nicolae_ru_great_annihilating_truth,
          cheibrodos_sewer_entry_sluice, uniq_edmund
D:6:      minmay_inner_zag, layout_loops_ring, serial_shops, kennysheep_mini,
          gammafunk_ghost_arena, basic_altar, minmay_starry_boxes, uniq_sigmund

Skill      XL: |  1  2  3  4  5  6  7  8 |
---------------+-------------------------+-----
Stealth        | 4 5 6 |  6.1
Hexes          | 5 6 7 8 |  8.1
Fighting       | 1 2 |  2.7
Short Blades   | 2 3 4 |  4.5
Spellcasting   | 4 |  4.4
Ice Magic      | 1 |  1.4
Dodging        | 3 |  3.8

Action                   |  1- 3 |  4- 6 |  7- 9 || total
-------------------------+-------+-------+-------++-------
Melee: Dagger            |    70 |    68 |    84 ||   222
 Cast: Corona            |     7 |     6 |    13 ||    26
       Ensorcelled Hiber |    26 |    36 |    58 ||   120
       Dazzling Flash    |       |     3 |     2 ||     5
       Confusing Touch   |       |     2 |     5 ||     7
       Tukima's Dance    |       |       |     3 ||     3
       Blink             |       |       |     1 ||     1
Evoke: Wand              |       |     8 |     2 ||    10
  Use: Scroll            |       |       |     6 ||     6
 Stab: Sleeping          |    27 |    32 |    45 ||   104
       Invisible         |       |     2 |       ||     2
       Confused          |       |     3 |     2 ||     5
       Paralysed         |       |       |     1 ||     1
Armor: Robe              |     6 |     2 |    30 ||    38
Dodge: Dodged            |    38 |    31 |    86 ||   155
